 Dungeon Crawl Stone Soup version 0.28-a0-199-g298df9dbad (webtiles) character file.

Game seed: 6948030488071092839

140 Rennog the Insei (level 5, -2/30 (33) HPs)
             Began as an Octopode Transmuter on Aug 19, 2021.
             Was a Believer of Jiyva.
             Slain by a gnoll (8 damage)
             ... on level 4 of the Dungeon.
             The game lasted 00:07:01 (3112 turns).

Rennog the Insei (Octopode Transmuter)              Turns: 3112, Time: 00:07:01

HP:   -2/30 (33)    AC:  1    Str:  8    XL:     5   Next: 22%
MP:   5/8           EV: 13    Int: 17    God:    Jiyva [**....]
Gold: 127           SH:  0    Dex: 13    Spells: 6/9 levels left

rFire   . . .      SeeInvis .     - Unarmed
rCold   + . .      Faith    .   (no shield)
rNeg    . . .      Spirit   .   (helmet currently unavailable)
rPois   +          Reflect  .   (no amulet)
rElec   .          Harm     .   f - ring of poison resistance
rCorr   +          Rampage  .   a - ring of protection from cold
Will    .....                   i - ring of resist corrosion
Stlth   +++.......              (no ring)
HPRegen 0.10/turn               (no ring)
MPRegen 0.11/turn               (no ring)
                                (no ring)
                                (no ring)

@: appendages, wereblooded, drained
A: tentacle spike 3, almost no armour, amphibious, 8 rings, camouflage 1,
gelatinous body 1, (nimble swimmer 1), tentacles
a: End Transformation, Renounce Religion, Request Jelly


You were on level 4 of the Dungeon.
You worshipped Jiyva.
Jiyva was pleased with you.
One of your tentacles had grown a beastly spike.
You visited 1 branch of the dungeon, and saw 4 of its levels.

You collected 127 gold pieces.

Inventory:

Jewellery
 a - a ring of protection from cold (right tentacle)
 f - a ring of poison resistance (left tentacle)
 i - a ring of resist corrosion (on tentacle)
Scrolls
 b - 2 scrolls of identify {unknown}
 d - a scroll of blinking {unknown}
 e - a scroll of teleportation {unknown}
 j - a scroll of amnesia {unknown}
Potions
 c - a potion of attraction {unknown}
 g - a potion of haste {unknown}
 h - a potion of brilliance {unknown}
 k - a potion of mutation {unknown}


   Skills:
 + Level 1.4 Fighting
 + Level 2.6 Dodging
 + Level 2.1 Stealth
 + Level 4.1 Unarmed Combat
 + Level 2.5 Spellcasting
 + Level 2.9 Transmutations


You had 6 spell levels left.
You knew the following spells:

 Your Spells              Type           Power      Damage    Failure   Level
a - Beastly Appendage     Tmut           24%        N/A       5%          1
b - Wereblood             Tmut           12%        N/A       9%          2

Your spell library contained the following spells:

 Spells                   Type           Power      Damage    Failure   Level
 Spider Form              Tmut/Pois      3%         N/A       30%         3
 Ice Form                 Ice/Tmut       7%         N/A       69%         4


Dungeon Overview and Level Annotations

Branches:
Dungeon (4/15)
 Temple: D:4-7

Altars:
Cheibriados
Jiyva

Annotations:
D:3 2 transporters, superduper's ghost, weakling MiBe


Innate Abilities, Weirdness & Mutations

One of your tentacles has grown a beastly spike.
You cannot wear most types of armour.
You are amphibious.
You can wear up to eight rings at the same time.
Your skin changes colour to match your surroundings (Stealth+).
Your rubbery body absorbs attacks. (AC +1, EV +1)
((You are camouflaged near water. (Stealth+)))
You have tentacles for arms and can constrict up to eight enemies at once.


Message History

One of your tentacles grows a vicious spike.
A gnoll comes into view.
It is wielding a +0 spear. 2 gnolls come into view.
A gnoll is wielding a +1 whip of draining.
You tentacle-slap the hound skeleton. Your grab misses the hound skeleton.
You pierce the hound skeleton.
You squeeze the hound skeleton.
The hound skeleton is heavily damaged.
The hound skeleton misses you.
You tentacle-slap the hound skeleton. You grab the hound skeleton.
The hound skeleton is almost destroyed.
You constrict the hound skeleton. The hound skeleton closely misses you.
You tentacle-slap the hound skeleton.
You destroy the hound skeleton!
A gnoll comes into view. It is wielding a +0 halberd.
The gnoll misses you.
Your transformation is almost over.
The gnoll shouts!
Your tentacle spike disappears.
Casting: Beastly Appendage (safe; 5% risk of failure)
Confirm with . or Enter, or press ? or * to list all spells.
One of your tentacles grows a vicious spike.
The gnoll closely misses you.
Casting: Beastly Appendage (safe; 5% risk of failure)
Confirm with . or Enter, or press ? or * to list all spells.
Your blood is infused with primal strength.
The gnoll hits you from afar with a +0 halberd!
The gnoll closely misses you.
The gnoll hits you with a +1 whip of draining.
You feel drained.
You barely miss the gnoll. You grab the gnoll. You constrict the gnoll.
The gnoll hits you with a +0 halberd. The gnoll closely misses you.
You tentacle-slap the gnoll.
The gnoll is heavily wounded.
You constrict the gnoll.
The gnoll hits you with a +1 whip of draining.
* * * LOW HITPOINT WARNING * * *
You feel drained.
* * * LOW HITPOINT WARNING * * *
The gnoll hits you with a +0 halberd!
You die...

......## ..###.. .......#
..g.... #####..## .....#
###.## ....# ##.##
###...## ##.######
####.......
#...##.########..........
##.......g##.....###.....
##.....@g....#### ######
########..### ####


You could see 2 gnolls.

Vanquished Creatures
  A hound skeleton (D:4)
  A gnoll (D:3)
  6 adders
  2 worms
  2 dart slugs
  An orc (D:3)
  2 ball pythons (D:1)
  5 endoplasms (D:1)
  4 giant cockroaches
  10 goblins
  7 hobgoblins
  6 kobolds
  2 quokkas
  3 bats
  2 frilled lizards
  7 rats
61 creatures vanquished.

Vanquished Creatures (others)
  2 jellies (D:3)
  2 gnolls (D:3)
  2 adders (D:3)
  A white imp (D:3)
  A worm (D:3)
  3 endoplasms
  A ball python (D:4)
  A giant cockroach (D:2)
  A goblin (D:1)
  2 hobgoblins
  A quokka (D:3)
  A frilled lizard (D:1)
  A kobold (D:3)
19 creatures vanquished.

Grand Total: 80 creatures vanquished

Notes
Turn   | Place    | Note
-------+----------+-------------------------------------------
     0 | D:1      | Rennog the Octopode Transmuter began the quest for the Orb.
     0 | D:1      | Reached XP level 1. HP: 13/13 MP: 3/3
   204 | D:1      | Reached XP level 2. HP: 15/18 MP: 3/5
   812 | D:1      | Found a faded altar of an unknown god.
   856 | D:1      | Became a worshipper of Jiyva Jefiuf the Shapeless
   856 | D:1      | Reached * piety under Jiyva
   878 | D:1      | Reached XP level 3. HP: 16/23 MP: 4/6
  1332 | D:2      | Reached skill level 1 in Stealth
  1401 | D:2      | Reached XP level 4. HP: 9/28 MP: 5/7
  2182 | D:3      | Reached ** piety under Jiyva
  2190 | D:3      | Learned a level 2 spell: Wereblood
  2200 | D:3      | Found a transporter.
  2300 | D:3      | Found a snail-covered altar of Cheibriados.
  2310 | D:3      | Reached skill level 4 in Unarmed Combat
  2424 | D:3      | Found a transporter.
  2425 | D:3      | Noticed a small abomination
  2447 | D:3      | Noticed a kobold brigand
  2529 | D:3      | Noticed a toenail golem
  2531 | D:3      | Noticed superduper's ghost (weakling MiBe)
  2726 | D:3      | Reached XP level 5. HP: 15/33 MP: 4/8
  3112 | D:4      | Slain by a gnoll

Illustrated notes

Levels and vault maps discovered:
D:1:      lemuel_arrival_funnel, layout_loops_ring,
          ebering_ecumenical_altar_mist
D:2:      layout_loops_ring, chequers_serial_rivers_small_b,
          corexii_item_surrounded_by_moat
D:3:      layout_rooms, slow_altar_2, gammafunk_ghost_abyssal_escape
D:4:      layout_layer_cave, gup_sewer_entry_bowl, serial_park_tiny_pond,
          uniq_ijyb

Skill      XL: |  1  2  3  4 |
---------------+-------------+-----
Stealth        | 1 2 |  2.1
Unarmed Combat | 4 |  4.1
Fighting       | |  1.4
Dodging        | |  2.6
Spellcasting   | |  2.5
Transmutations | |  2.9

Action                   |  1- 3 |  4- 6 || total
-------------------------+-------+-------++-------
Melee: Unarmed           |    82 |    56 ||   138
       Kick              |    23 |    10 ||    33
       Constrict         |    21 |    16 ||    37
       Tentacles         |     7 |    14 ||    21
       Punch             |       |     1 ||     1
 Cast: Beastly Appendage |    20 |    13 ||    33
       Wereblood         |       |     3 ||     3
  Use: Potion            |     1 |       ||     1
 Stab: Sleeping          |     3 |     3 ||     6
Armor: Skin              |    12 |     3 ||    15
Dodge: Dodged            |    59 |    24 ||    83

Table legend: (Time is in decaauts)
 A = Elapsed time spent in this place.
 B = Non-inter-level travel time spent in this place.
 C = Inter-level travel time spent in this place.
 D = Time resting spent in this place.
 E = Time spent auto-exploring this place.
 F = Levels seen in this place.
 G = Mean time per level.
                   A        B        C        D        E       F      G
               +--------+--------+--------+--------+--------+-----+--------+
         Total |   3100 |   2531 |    569 |      0 |   2042 |   4 |  775.0 |
       Dungeon |   3100 |   2531 |    569 |      0 |   2042 |   4 |  775.0 |
               +--------+--------+--------+--------+--------+-----+--------+

Top non-repeatable levels by time:
     D:1: 1090 daAuts
     D:2: 1073 daAuts
     D:3: 808 daAuts
     D:4: 128 daAuts
